Map: Ruins of Endion

Players

Miszu - Winner!

  • Race: Terran Terran
  • League: Master

FeaR

  • Race: Protoss Protoss
  • League: Grandmaster

VOD

Have the link to the VOD?

Description

Time

  • Played on: July 3, 2016, 12:19 p.m.
  • Length: 22:04
Show
View Real Time Build Order
Export as new Build Order

Miszu Terran - Winner!

Build Orders: Reaper Expand, MMM Bio 

Get SALT Encoding   

  12  0:00  SCV  
  13  0:12  SCV  
  14  0:17  Supply Depot  
  14  0:24  SCV  
  15  0:39  Barracks, SCV  
  16  0:43  Refinery  
  16  0:51  SCV  
  17  1:03  SCV  
  18  1:15  SCV  
  19  1:27  Orbital Command  
  19  1:28  Reaper  
  20  1:41  Command Center  
  20  1:51  Supply Depot  
  20  1:53  SCV  
  21  2:05  Barracks Reactor  
  21  2:09  SCV  
  22  2:20  Factory  
  22  2:22  SCV  
  23  2:34  SCV  
  24  2:40  Command Center  
  24  2:42  Marine x2  
  26  2:46  SCV  
  28  2:58  SCV  
  28  2:59  Marine x2  
  28  3:01  Orbital Command  
  30  3:11  Starport  
  30  3:15  SCV  
  30  3:17  Refinery  
  30  3:19  Marine x2  
  33  3:23  Widow Mine  
  36  3:27  SCV  
  36  3:29  SCV  
  37  3:39  SCV  
  38  3:41  Marine  
  38  3:42  Marine, SCV  
  38  3:48  Supply Depot  
  41  3:51  SCV  
  41  3:54  SCV  
  43  3:59  Widow Mine, Orbital Command  
  43  4:01  Medivac  
  46  4:03  SCV  
  46  4:14  SCV  
  46  4:15  SCV  
  46  4:21  Marine x2  
  47  4:26  SCV  
  47  4:27  SCV  
  47  4:30  Engineering Bay  
  47  4:31  Widow Mine  
  49  4:33  SCV  
  49  4:37  Supply Depot  
  52  4:42  Barracks  
  52  4:44  Barracks, SCV x2  
  54  4:51  Liberator  
  54  4:52  Marine x2  
  56  4:56  SCV  
  56  4:57  Missile Turret  
  56  4:58  Missile Turret  
  56  4:59  SCV  
  58  5:05  Factory Tech Lab  
  58  5:07  Orbital Command  
  58  5:08  SCV  
  58  5:11  SCV  
  58  5:12  Refinery  
  58  5:13  Refinery  
  63  5:15  Terran Infantry Weapons Level 1  
  63  5:20  SCV  
  64  5:23  SCV  
  65  5:29  Barracks Tech Lab  
  65  5:32  SCV  
  65  5:34  Barracks Tech Lab  
  66  5:35  SCV  
  66  5:36  SCV  
  68  5:44  Marine, SCV  
  68  5:45  Marine  
  68  5:46  Siege Tank  
  68  5:47  SCV  
  68  5:49  Stimpack  
  75  5:53  SCV  
  75  5:54  Barracks  
  75  5:55  Missile Turret  
  75  5:56  Barracks, SCV  
  77  5:58  Starport Reactor  
  77  6:03  Supply Depot  
  77  6:07  Supply Depot  
  77  6:08  Barracks  
  77  6:09  Barracks  
  77  6:23  Marine, SCV x2  
  77  6:25  Siege Tank, SCV  
  81  6:26  Marine  
  81  6:27  Marine x2  
  81  6:29  Supply Depot  
  81  6:31  Supply Depot  
  84  6:35  Medivac, SCV x2  
  84  6:36  Medivac  
  84  6:37  SCV  
  91  6:40  Marine  
  91  6:44  Marine  
  91  6:45  Supply Depot  
  93  6:50  Marine, SCV x3  
  97  6:54  Supply Depot  
  97  6:55  Supply Depot  
  97  6:56  Barracks Reactor  
  97  6:57  Barracks Reactor  
  97  6:58  Siege Tank  
  100  7:02  SCV x2  
  100  7:06  Marine x2  
  100  7:08  SCV  
  106  7:10  Marine  
  106  7:13  Marine  
  106  7:14  Medivac x2  
  106  7:15  SCV x2  
  111  7:16  Refinery  
  111  7:17  Supply Depot  
  111  7:18  Supply Depot, Refinery  
  111  7:22  Engineering Bay  
  111  7:24  Marine x2  
  111  7:25  Armory  
  111  7:27  SCV x3  
  116  7:34  Marauder  
  118  7:39  SCV  
  118  7:43  Marine x3, Marauder  
  118  7:44  Marine  
  125  7:46  Marine x2  
  125  7:48  Medivac  
  125  7:49  Combat Shields  
  129  7:53  Supply Depot, Liberator  
  129  7:54  Supply Depot  
  131  7:58  Marauder  
  131  7:59  Concussive Shells  
  131  8:00  Liberator  
  131  8:01  Marine x4  
  135  8:08  Marine x2, Marauder  
  135  8:09  Siege Tank  
  145  8:16  Supply Depot  
  145  8:19  Marine x2  
  150  8:27  Terran Infantry Weapons Level 2  
  150  8:28  Terran Infantry Armor Level 1  
  150  8:35  Liberator  
  150  8:41  Marauder x2  
  154  8:43  Command Center, Liberator  
  154  8:46  Marine x2  
  154  8:47  Marine x4  
  161  9:01  Marine  
  161  9:02  Marine  
  164  9:04  Marine  
  164  9:07  Marine  
  164  9:08  Marine x4  
  170  9:18  Liberator  
  170  9:20  Marauder  
  170  9:21  Marauder  
  173  9:26  Marine, Liberator  
  173  9:27  Marine x3  
  159  9:36  Marine  
  138  9:48  Marauder  
  138  9:50  Marine x6  
  134  9:54  Marine  
  134  9:59  Planetary Fortress  
  134  10:01  Liberator  
  134  10:07  Marine  
  134  10:08  Marine x5  
  134  10:09  Marine, Liberator  
  134  10:11  Marine  
  142  10:19  Ghost Academy  
  145  10:25  Marine  
  145  10:26  Marine x3, Marauder  
  145  10:28  Marine x2  
  154  10:29  Marine  
  154  10:34  Terran Infantry Armor Level 2  
  157  10:43  Marine  
  157  10:44  Marine x3, Liberator  
  157  10:46  Marine x2  
  157  10:47  Marine x2  
  161  10:52  Liberator  
  155  11:01  Marine x4  
  155  11:04  Marine, Marauder  
  162  11:05  Marine  
  162  11:06  Marauder  
  168  11:19  Marine x3  
  168  11:24  Marine  
  168  11:25  Marine x2  
  169  11:26  Marauder  
  169  11:27  Marauder, Liberator  
  175  11:34  Terran Infantry Weapons Level 3  
  175  11:35  Barracks x2  
  175  11:36  Marine, Barracks, SCV x4  
  175  11:37  Refinery x2, Marine x2  
  182  11:40  Command Center  
  182  11:42  Marine  
  182  11:43  Marine x2  
  188  11:55  Marine, SCV x2  
  188  12:00  SCV  
  188  12:02  SCV  
  188  12:03  Marine  
  188  12:05  Liberator  
  188  12:06  Marine, Marauder  
  188  12:09  Liberator  
  188  12:19  Starport  
  188  12:21  Starport, Marine x4, SCV  
  188  12:22  Marine, Marauder  
  172  12:24  Marine  
  172  12:27  Marauder  
  174  12:39  Marine x2  
  174  12:43  Marauder  
  175  12:56  Ghost  
  175  12:57  Marine x3  
  180  13:04  Medivac, Ghost  
  184  13:09  Medivac  
  184  13:10  Viking x2  
  187  13:25  Ghost  
  172  13:28  Marine x5  
  172  13:29  Marine x4  
  172  13:33  Ghost  
  177  13:34  Medivac  
  177  13:39  Viking  
  177  13:40  Viking x2  
  184  13:46  Marine x9  
  193  13:54  Marauder  
  192  14:01  Marine  
  193  14:04  Viking, Marine  
  193  14:09  Viking  
  198  14:10  Viking  
  199  14:32  Viking  
  199  14:54  Terran Infantry Armor Level 3  
  199  14:55  Planetary Fortress  
  199  15:01  Terran Ship Weapons Level 1  
  185  15:17  Viking x3  
  185  15:18  Viking, Refinery, Ghost x2  
  185  15:19  Refinery  
  185  15:26  Barracks Tech Lab x3  
  181  15:46  Missile Turret  
  181  15:47  Viking x3, Ghost x2  
  181  15:49  Ghost  
  189  15:50  Ghost x2  
  189  15:56  Viking  
  182  16:15  Ghost  
  182  16:17  Viking x3  
  174  16:26  Viking  
  150  16:38  Marine  
  150  16:39  Marine x8, Marauder  
  149  16:44  Marine  
  135  16:47  Viking x2  
  135  16:48  Viking  
  138  16:56  Viking, Marine  
  138  16:57  Marine x6  
  138  16:58  Marauder  
  149  17:03  Marine  
  149  17:04  Marine  
  151  17:09  Marine  
  151  17:14  Marine  
  151  17:15  Marine  
  154  17:17  Viking x2  
  154  17:18  Viking  
  161  17:26  Viking  
  156  17:47  Viking x2  
  156  17:48  Viking  
  162  17:58  Viking  
  162  18:01  Marauder  
  164  18:17  Viking x2  
  164  18:18  Viking  
  167  18:23  Marine x2  
  167  18:26  Marine x4  
  167  18:27  Medivac, Marauder x3  
  173  18:47  Medivac x2  
  177  18:48  Medivac  
  179  18:57  Medivac  
  181  19:07  Marauder x2  
  181  19:08  Marauder x2  
  189  19:17  Medivac x2, Marauder  
  189  19:18  Medivac  
  197  19:32  Marauder  
  197  19:36  Marauder  
  197  19:37  Marine  
  193  19:57  Marine x4, Marauder x2  
  199  20:17  Orbital Command  
  194  20:26  Marauder x3  
  200  20:34  Command Center  
  188  21:09  Viking x4  
  148  21:15  Marine  
  141  21:19  Marine, Marauder  
  141  21:20  Marine x8  
  150  21:33  Marine  
  150  21:37  Marine x5  
  150  21:38  Marine, Marauder x3  
  171  21:40  Marine  
Show
View Real Time Build Order
Export as new Build Order

FeaR Protoss 

Build Orders: 1 Gate Expand, Oracle Opening 

Get SALT Encoding   

  12  0:01  Probe (Chrono Boost)  
  13  0:12  Probe (Chrono Boost)  
  14  0:17  Pylon  
  14  0:23  Probe (Chrono Boost)  
  16  0:35  Probe (Chrono Boost)  
  16  0:37  Gateway  
  16  0:42  Assimilator  
  16  0:46  Probe (Chrono Boost)  
  17  0:57  Probe (Chrono Boost)  
  18  1:07  Probe (Chrono Boost)  
  19  1:19  Nexus  
  19  1:22  Probe (Chrono Boost)  
  20  1:32  Cybernetics Core  
  20  1:35  Probe (Chrono Boost)  
  21  1:41  Assimilator  
  21  1:46  Probe (Chrono Boost)  
  22  1:51  Pylon  
  22  1:56  Probe (Chrono Boost)  
  23  2:09  Probe (Chrono Boost)  
  26  2:17  Warp Gate  
  26  2:23  Probe  
  27  2:31  Stargate  
  27  2:33  Adept (Chrono Boost), Probe  
  28  2:39  Probe  
  28  2:43  Probe  
  29  2:51  Probe  
  31  2:54  Probe  
  31  2:57  Adept (Chrono Boost)  
  32  3:03  Probe  
  32  3:05  Probe  
  34  3:14  Oracle (Chrono Boost)  
  34  3:15  Probe  
  39  3:21  Mothership Core  
  39  3:25  Nexus  
  39  3:26  Probe  
  40  3:32  Pylon  
  41  3:36  Probe  
  42  3:43  Probe  
  43  3:50  Probe  
  43  3:52  Oracle (Chrono Boost)  
  43  3:55  Probe  
  48  4:00  Probe  
  49  4:07  Probe  
  50  4:11  Probe  
  51  4:19  Probe  
  51  4:21  Probe  
  53  4:27  Gateway x2  
  53  4:29  Twilight Council, Assimilator  
  54  4:31  Probe  
  54  4:33  Assimilator  
  54  4:37  Forge, Probe  
  54  4:38  Pylon  
  54  4:39  Probe  
  54  4:42  Stalker  
  54  4:43  Probe  
  59  4:48  Probe (Chrono Boost)  
  59  4:50  Probe (Chrono Boost)  
  61  4:52  Blink (Chrono Boost)  
  61  4:55  Probe (Chrono Boost)  
  61  4:59  Probe (Chrono Boost)  
  63  5:01  Pylon, Probe (Chrono Boost)  
  63  5:05  Stalker  
  63  5:06  Probe (Chrono Boost)  
  67  5:10  Protoss Ground Weapons Level 1 (Chrono Boost), Probe x2  
  69  5:14  Pylon  
  69  5:18  Probe  
  69  5:21  Probe  
  70  5:22  Probe  
  72  5:30  Probe  
  72  5:31  Probe  
  72  5:34  Probe  
  72  5:35  Stalker  
  77  5:38  Stalker x2  
  77  5:39  Pylon  
  77  5:41  Robotics Facility  
  77  5:42  Probe x2  
  82  5:46  Pylon  
  82  5:47  Probe  
  84  5:50  Pylon  
  84  5:54  Assimilator, Probe  
  85  5:58  Gateway  
  85  6:00  Gateway  
  85  6:03  Gateway  
  85  6:04  Sentry x2  
  87  6:05  Sentry  
  89  6:27  Stalker x2  
  89  6:28  Stalker  
  89  6:30  Pylon  
  89  6:31  Warp Prism  
  97  6:40  Charge  
  97  6:44  Gateway  
  97  6:45  Gateway  
  97  6:46  Gateway  
  97  6:48  Pylon  
  97  6:50  Stalker  
  97  6:51  Stalker  
  101  6:55  Pylon  
  101  6:57  Pylon, Assimilator  
  101  7:07  Observer  
  102  7:14  Zealot x6  
  114  7:22  Protoss Ground Armor Level 1 (Chrono Boost)  
  114  7:23  Templar Archives, Probe  
  114  7:24  Probe x2  
  114  7:28  Immortal  
  121  7:40  Nexus  
  121  7:42  Pylon, Zealot x5  
  121  7:43  Zealot  
  133  7:59  Adept x2  
  133  8:02  Adept  
  133  8:03  Adept, Dark Shrine  
  133  8:04  High Templar x2  
  145  8:08  Archon, Immortal  
  149  8:18  High Templar x2  
  149  8:19  Zealot x2  
  157  8:23  Pylon  
  157  8:25  Pylon  
  157  8:26  Pylon  
  157  8:31  Archon  
  157  8:43  Zealot x7  
  157  8:47  Immortal  
  175  8:55  Zealot x2  
  177  9:09  Zealot x2  
  172  9:10  Zealot x4  
  178  9:20  Zealot  
  176  9:26  Immortal  
  176  9:31  Zealot x5  
  143  9:46  Protoss Ground Weapons Level 2 (Chrono Boost)  
  143  9:51  Stalker x2  
  143  9:52  Stalker x4  
  143  9:56  Stargate  
  143  9:59  Fleet Beacon  
  141  10:04  Psionic Storm, Assimilator  
  141  10:06  Observer  
  142  10:08  Assimilator  
  142  10:18  High Templar x2  
  142  10:19  High Templar x3  
  152  10:29  Immortal  
  152  10:35  Probe  
  156  10:36  Probe x3  
  157  10:54  Void Ray (Chrono Boost)  
  157  10:55  Nexus  
  157  10:56  Stalker x4  
  167  11:04  Zealot x2  
  151  11:20  Zealot x4  
  153  11:31  High Templar x2  
  157  11:37  Tempest (Chrono Boost)  
  161  11:46  Stalker  
  157  11:55  Zealot x2  
  153  12:14  Tempest (Chrono Boost)  
  157  12:16  Probe x2  
  157  12:17  Probe  
  157  12:18  Probe  
  156  12:30  Dark Templar x2, Probe  
  159  12:51  Tempest (Chrono Boost)  
  159  12:53  Stalker  
  159  12:54  Stalker x3  
  163  13:17  High Templar  
  163  13:18  High Templar x2, Stargate  
  169  13:20  Stargate  
  167  13:29  Archon, Tempest (Chrono Boost)  
  167  13:35  Dark Templar x3  
  165  13:42  Probe  
  165  13:43  Probe  
  165  13:44  Probe x2  
  165  13:47  Archon  
  167  13:53  Probe x2  
  169  13:56  Probe  
  170  14:06  Tempest (Chrono Boost)  
  170  14:07  High Templar  
  184  14:12  Tempest x2 (Chrono Boost)  
  184  14:14  Probe x2  
  186  14:19  Adept x3  
  188  14:43  Tempest (Chrono Boost)  
  196  14:53  Pylon  
  196  14:55  Tempest (Chrono Boost)  
  196  15:08  Probe  
  196  15:10  Probe x2  
  181  15:14  Tempest (Chrono Boost)  
  181  15:18  High Templar x3  
  183  15:43  Adept x3, Tempest (Chrono Boost)  
  183  15:48  Tempest (Chrono Boost)  
  179  16:07  Tempest (Chrono Boost)  
  177  16:16  Adept x6  
  185  16:29  Archon  
  155  16:43  Stalker x6  
  149  17:12  High Templar x2  
  149  17:14  Adept x2  
  149  17:15  Adept x2  
  157  17:16  Oracle x2 (Chrono Boost), Nexus  
  157  17:18  Pylon  
  162  17:33  Protoss Ground Weapons Level 3 (Chrono Boost)  
  162  17:36  Immortal  
  166  17:44  Assimilator  
  166  17:46  Assimilator  
  166  17:47  Adept x4  
  166  17:48  Adept x2  
  174  18:20  Archon  
  174  18:21  Archon  
  174  18:23  High Templar x2  
  174  18:24  Adept x4  
  183  18:49  Adept x4  
  191  18:56  Oracle  
  191  19:01  Oracle  
  197  19:16  Adept x5  
  194  19:38  Adept x3  
  185  19:48  High Templar x2  
  185  19:49  Archon, Nexus  
  177  20:20  Adept x3  
  177  20:21  Adept x3  
  173  20:42  Nexus  
  171  20:43  Pylon  
  171  20:55  Archon  
  171  20:59  Adept x3  
  171  21:00  Adept x3  
  91  21:22  Adept x2  
  91  21:23  Adept x4  
  103  21:37  Robotics Bay  
  103  21:52  Adept  
  103  21:53  Adept x4  
  113  21:58  Adept  
Tags
 
Add a new tag
Caveats
  • Supply blocks, unpowered buildings, or Contaminate may cause inaccurate times.
  • Supply counts are checked every 10 seconds.